Tomo Gozen, lawful female human Samurai @ @ ---------- |. .@.......| |. @ ---------..-- --------- |. |......D|...-- --.......-- |. |...@...|....---.........--|. @|D.A@..N-A....-%&%!.....AA||..... A|A@.@...|....---.....$...-----... @ |.@.....|...-- --.%$....-- ---- A---------..-- ----|---- --.. A .......@.| |...--------... ---------- |.........|.... -------...--... |....--.. ---...--- |...... I @ ------- Tomo Gozen the Daimyo Experience level: 23 Strength: 20 Dexterity: 18 Constitution: 18 Intelligence: 14 Wisdom: 18 Charisma: 10 Health: 145(276) Energy: 111(111) Def: 40 Gold: 0 Moves: 38541 Dungeon seed: 3BkmIqnENlQk62Wr Game ID: Tomo Gozen_1591360787 Your Inventory: Amulets A - an uncursed amulet of life saving (being worn) Weapons a - the blessed rustproof +6 Excalibur (weapon in hand) b - an uncursed rustproof +7 long sword of frost (wielded in other hand) c - an uncursed +0 yumi l - 10 uncursed +1 silver arrows of fire (in quiver) m - 11 uncursed +0 thirsty elven arrows of detonation Armor q - a blessed +2 orange dragon scale mail (being worn) y - an uncursed very burnt +5 cloak of protection (being worn) z - a blessed +4 pair of yugake of cold immunity (being worn) N - a blessed fireproof +3 T-shirt (being worn) R - an uncursed +0 elven leather helm of shock immunity (being worn) Y - a blessed +5 pair of speed boots (being worn) Comestibles t - an uncursed partly eaten gunyoki E - 2 uncursed lumps of royal jelly L - an uncursed female lizard corpse Potions V - a blessed potion of full healing Rings f - an uncursed ring of conflict (on left hand) k - an uncursed ring of teleport control K - an uncursed ring of levitation (on right hand) Wands g - a blessed wand of teleportation (0:2) h - an uncursed wand of digging (0:2) j - an uncursed wand of cancellation (0:4) s - an uncursed wand of polymorph (0:2) I - an uncursed wand of teleportation (0:4) O - a blessed wand of death (0:2) S - an uncursed wand of digging (0:3) T - an uncursed wand of cancellation (0:5) U - an uncursed wand of death (3:1) Tools e - an uncursed skeleton key n - an uncursed tooled horn named THE HORN OF YENDOR p - the uncursed Bell of Opening (0:2) u - a blessed +0 unicorn horn w - a blessed bag of holding x - an uncursed towel C - the blessed Magic Mirror of Merlin P - an uncursed stethoscope Z - the uncursed Candelabrum of Invocation (7 candles attached) (0:369) Gems r - an uncursed luckstone Contents of the bag of holding: 1407 gold pieces an uncursed amulet of life saving a blessed amulet of reflection an uncursed amulet versus poison 10 uncursed +0 daggers 4 uncursed poisoned +0 orcish arrows of fire 10 uncursed +0 thirsty poisoned orcish arrows 36 uncursed +0 ya a cursed -2 helm of opposite alignment 9 uncursed K-rations an uncursed carrot an uncursed eucalyptus leaf an uncursed female lizard corpse an uncursed fortune cookie 16 uncursed lumps of royal jelly 2 uncursed sprigs of wolfsbane 15 uncursed scrolls of blank paper 3 cursed scrolls of blank paper 2 blessed scrolls of charging a blessed scroll of genocide an uncursed scroll of identify an uncursed scroll of magic mapping 5 blessed scrolls of remove curse 3 blessed scrolls of scare monster an uncursed scroll of taming a blessed scroll of teleportation an uncursed scroll of teleportation an uncursed potion of enlightenment 2 blessed potions of full healing 2 uncursed potions of gain energy 14 potions of holy water 2 uncursed potions of oil 4 uncursed potions of restore ability a potion of unholy water an uncursed ring of fire immunity an uncursed ring of free action an uncursed ring of free action an uncursed +1 ring of gain constitution an uncursed ring of invisibility an uncursed ring of polymorph control a blessed +1 ring of protection an uncursed ring of regeneration an uncursed +5 ring of searching an uncursed -1 ring of searching an uncursed ring of shock immunity an uncursed ring of shock immunity an uncursed ring of sustain ability an uncursed ring of sustain ability an uncursed wand of cold (0:5) an uncursed wand of cold (0:4) an uncursed wand of cold (0:2) an uncursed wand of digging (0:8) an uncursed wand of digging (0:7) an uncursed wand of digging (0:5) an uncursed wand of digging (0:4) an uncursed wand of digging (0:4) an uncursed wand of digging (0:1) an uncursed wand of fire (0:8) an uncursed wand of fire (0:5) an uncursed wand of fire (0:2) an uncursed wand of lightning (0:2) an uncursed wand of magic missile (0:6) an uncursed wand of polymorph (0:5) an uncursed wand of polymorph (0:5) a blessed fireproof wand of polymorph (0:2) an uncursed wand of secret door detection (0:8) an uncursed wand of sleep (0:5) an uncursed wand of sleep (0:3) an uncursed wand of sleep (0:2) an uncursed wand of slow monster (0:5) an uncursed wand of speed monster (0:5) an uncursed wand of striking (0:5) an uncursed wand of teleportation (0:8) an uncursed wand of teleportation (0:8) an uncursed wand of teleportation (0:8) a blessed wand of teleportation (0:7) an uncursed wand of teleportation (0:7) an uncursed wand of teleportation (0:4) an uncursed wand of teleportation (0:4) an uncursed wand of undead turning (0:2) an uncursed wand of wishing (1:1) an uncursed blindfold an uncursed magic marker (1:41) an uncursed magic marker (1:3) an uncursed magic whistle an uncursed oil lamp (0:1435) an uncursed tinning kit (0:57) 7 uncursed wax candles (0:400) Spells and supernatural/magical abilities: Name Level Category Cost Memory a - force bolt 1 attack 9pw 75% h - healing 1 healing 9pw 79% k - knock 1 matter 9pw 81% m - magic missile 2 attack 18pw 76% v - clairvoyance 3 divination 23pw -- w - wizard lock 2 matter 18pw 81% I - identify 2 divination 18pw 37% V - teleportitis -- ability ? -- W - pray for help -- divine ? -- Your skills at the end: Fighting Skills martial arts [Basic] two weapon combat [Expert] wands [Skilled] Weapon Skills short sword [Basic] long sword [Expert] bow [Skilled] Spellcasting Skills Final Attributes: You were the Hand of Elbereth. You were piously aligned. You were fire resistant. You were immune to cold. You were immune to sleep. You were disintegration-resistant. You were immune to electricity. You were poison resistant. You were magic resistant. You were level-drain resistant. You were acid resistant. You saw invisible. You were strongly telepathic. You were clairvoyant. You were visible. You were stealthy. You aggravated monsters. You were conflicting. You could teleport at will. You were levitating. You were protected. You were very fast. You had total reflection. You had free action. You were life saving. You were wielding two weapons at once. You were extremely lucky. You had extra luck. Bad luck did not time out for you. Good luck did not time out for you. You last prayed 896 turns ago. Amaterasu Omikami was extremely exalted with you. You survived. Vanquished creatures: Asmodeus Baalzebub Orcus Yeenoghu Juiblex The Wizard of Yendor (13 times) Pestilence (twice) Famine a high priest Medusa 13 krakens an iron golem 7 storm giants a balrog a purple worm a gray dragon an orange dragon a black dragon 4 blue dragons 5 green dragons 2 yellow dragons 11 minotaurs 8 pit fiends Ashikaga Takauji 2 Angels a demilich Vlad the Impaler a stone golem an Olog-hai 2 Nazgul 3 sandestins 4 hell hounds 3 titanotheres 4 trappers a guardian naga a disenchanter 23 vampire lords 6 shades 5 skeletons 14 aligned priests 2 captains 2 liches a clay golem 3 nurses 10 ice devils 6 nalfeshnees a lurker above an Aleax 2 frost giants 6 ettins 7 black puddings 18 vampires 38 ghosts 4 lieutenants a barbarian 2 cavemen a knight 9 samurai a valkyrie a wizard 2 queen bees 3 winged gargoyles 4 giant mimics 9 zruties 2 fire giants 8 ogre kings 3 rock trolls 7 umber hulks a flesh golem 2 Elvenkings 2 doppelgangers 24 hezrous 7 bone devils 10 large mimics 4 wumpuses 4 fire vortices a baby long worm 3 long worms 33 stalkers 12 air elementals 2 fire elementals an earth elemental 2 water elementals 9 hill giants 3 giant mummies a black naga 3 xorns 19 giant zombies 15 sergeants 2 barbed devils 12 vrocks 6 salamanders 10 wargs a winter wolf a hell hound pup 14 small mimics 2 glass piercers 4 warhorses 4 steam vortices 13 xans 2 ettin mummies 5 ogre lords 6 quantum mechanics 13 trolls a sasquatch 4 wood golems an erinys 7 mariliths 6 sharks 8 electric eels 4 gelatinous cubes 3 freezing spheres 3 flaming spheres 2 shocking spheres 3 tigers 6 gargoyles a dwarf king 2 tengu 5 ochre jellies 3 leocrottas 5 energy vortices 2 mountain centaurs an elf mummy 2 human mummies 2 red nagas 3 pit vipers 3 pythons 2 cobras 35 wraiths a carnivorous ape 30 ettin zombies 3 leather golems 4 Grey-elves 78 soldiers 5 horned devils 6 incubi 5 chameleons 3 crocodiles 4 giant beetles 3 quivering blobs 10 cockatrices 50 wolves 4 panthers 11 gremlins 48 leprechauns 6 orc-captains 4 iron piercers 2 mumakil 9 giant spiders 5 scorpions 2 horses an ice vortex 3 black lights 11 vampire bats 5 gnome kings 3 orc mummies 3 dwarf mummies an ogre 2 brown puddings 8 rust monsters 5 owlbears 4 yetis 3 gold golems a werewolf 7 Green-elves 6 piranhas 15 giant eels 11 lizards 21 ninja 7 roshis 4 chickatrices 2 dogs 4 dingos 5 housecats 2 jaguars 5 dwarf lords 3 blue jellies 2 white unicorns a gray unicorn a black unicorn 9 dust vortices 9 ravens 3 plains centaurs 4 gnome mummies 6 snakes 12 water moccasins 6 apes 67 human zombies 4 rope golems 5 Woodland-elves 2 soldier ants 2 fire ants 2 bugbears 3 imps 3 quasits 4 wood nymphs 3 water nymphs 4 mountain nymphs 28 Mordor orcs 21 Uruk-hai 17 orc shamans 8 rock piercers 2 rock moles 2 ponies 5 fog clouds 7 yellow lights 5 shriekers 4 violet fungi 12 gnome lords 6 gnomish wizards 3 kobold mummies 2 red naga hatchlings a black naga hatchling 2 golden naga hatchlings a guardian naga hatchling 4 gray oozes a barrow wight 9 elf zombies 7 ghouls a paper golem 4 jellyfish 14 giant ants 6 little dogs 6 floating eyes a kitten a dwarf 7 homunculi 2 kobold lords 2 kobold shamans 21 hill orcs 8 rothes 3 rabid rats 3 centipedes 8 giant bats 3 monkeys 27 orc zombies 10 dwarf zombies a wererat 4 werejackals 7 iguanas 71 killer bees 3 acid blobs 3 coyotes a gas spore 4 hobbits 8 hobgoblins 11 giant rats 6 cave spiders 4 brown molds 4 yellow molds 2 green molds a red mold 53 gnomes 8 garter snakes 24 gnome zombies 8 geckos 22 jackals 8 foxes 4 kobolds 8 goblins 8 sewer rats 14 grid bugs 6 bats 3 lichens 14 kobold zombies 15 newts 1859 creatures vanquished. Genocided species: hobbits bugbears dwarf lords dwarf kings mind flayers master mind flayers liches demiliches master liches arch-liches elf mummies jellyfish piranhas sharks giant eels electric eels krakens 16 species genocided by you, 1 by monsters Voluntary challenges: You used a wielded weapon 3337 times, starting on turn 278. You read items or engraved 114 times, starting on turn 434. You genocided 16 types of monsters, starting on turn 27754. You polymorphed 16 items, starting on turn 28362. You changed form 1 time, starting on turn 28626. You used 6 wishes, starting on turn 7454. You wished for your your first artifact on turn 7454. You split 4 puddings, starting on turn 32379. You never wrote Elbereth's name. You violated your moral code, losing 280 points of alignment, starting on turn 14505. Dungeon overview: The Dungeons of Doom: levels 1 to 28 Level 1 some fountains, a vault stairs to The Elemental Planes Level 2 a general store, a fountain, a vault Level 3 Level 4 an armor shop stairs to The Gnomish Mines Level 5 a fountain Level 6 a sink stairs to Sokoban Level 7 a bookstore Level 8 a vault Level 9 a temple to Amaterasu Omikami Level 10 a general store, a vault Level 11 a vault Level 12 portal to The Quest Level 13 an armor shop, a fountain, a vault Level 14 some fountains Level 15 Level 16 (stash box with weapons and armor) an altar to Amaterasu Omikami, a vault Level 17 a fountain Level 18 (cockatrice nest) Level 19 a fountain Level 20 Level 21 a fountain, a vault Level 22 Level 23 a fountain, a vault Level 24 Level 25 some fountains Level 26 Level 27 a fountain Level 28 a fountain Gehennom: levels 29 to 52 Level 29 a temple to Moloch stairs to The Dungeons of Doom Level 30 a fountain, a sink Level 31 a fountain Level 32 Level 33 an altar to Moloch Level 34 a fountain Level 35 Level 36 Level 37 stairs to Vlad's Tower Level 38 Level 39 Level 40 some shops, an altar to Moloch Level 41 Level 42 Level 43 (entrance to wiz tower) Level 44 Level 45 Level 46 Level 47 Level 48 Level 49 Level 50 Level 51 Level 52 a high altar, a temple to Moloch The Gnomish Mines: levels 5 to 12 Level 5 stairs to The Dungeons of Doom Level 6 Level 7 many shops, a temple to Amaterasu Omikami, some fountains Level 8 Level 9 Level 10 Level 11 Level 12 many altars to Moloch, a fountain The Quest: levels 1 to 5 Level 1 portal to The Dungeons of Doom Level 2 Level 3 Level 4 Level 5 Sokoban: levels 2 to 5 Level 2 Solved Level 3 Solved Level 4 Solved Level 5 Solved stairs to The Dungeons of Doom Vlad's Tower: levels 34 to 36 Level 34 Level 35 Level 36 stairs to Gehennom The Elemental Planes: Astral Plane <- You were here a high altar Plane 4 portal to The Elemental Planes Plane 3 portal to The Elemental Planes Plane 2 portal to The Elemental Planes Plane 1 portal to The Elemental Planes History has recorded: On T:1 you entered the Dungeons of Doom to retrieve the Amulet of Yendor! On T:366 you reached level 2 of The Dungeons of Doom. On T:585 you reached level 3 of The Dungeons of Doom. On T:770 you advanced to experience level 2. On T:825 you reached level 4 of The Dungeons of Doom. On T:1030 you reached level 1 of The Gnomish Mines. On T:1185 you advanced to experience level 3. On T:1201 you reached level 5 of The Dungeons of Doom. On T:1329 you advanced to experience level 4. On T:1440 you reached level 6 of The Dungeons of Doom. On T:1484 you reached level 7 of The Dungeons of Doom. On T:1542 you advanced to experience level 5. On T:1751 you reached level 4 of Sokoban. On T:1995 you reached level 3 of Sokoban. On T:2564 you reached level 2 of Sokoban. On T:2904 you advanced to experience level 6. On T:2936 you reached level 1 of Sokoban. On T:4238 you advanced to experience level 7. On T:4328 you reached level 2 of The Gnomish Mines. On T:4434 you reached level 3 of The Gnomish Mines. On T:5872 you advanced to experience level 8. On T:7049 you reached level 8 of The Dungeons of Doom. On T:7101 you reached level 9 of The Dungeons of Doom. On T:7454 you wished for "blessed fixed Magic Mirror of Merlin". On T:7628 you reached level 10 of The Dungeons of Doom. On T:8171 you reached level 4 of The Gnomish Mines. On T:8419 you reached level 5 of The Gnomish Mines. On T:8694 you reached level 6 of The Gnomish Mines. On T:8933 you reached level 7 of The Gnomish Mines. On T:9179 you advanced to experience level 9. On T:9261 you reached level 8 of The Gnomish Mines. On T:10415 you reached level 11 of The Dungeons of Doom. On T:10610 you reached level 12 of The Dungeons of Doom. On T:10834 you advanced to experience level 10. On T:10865 you reached level 13 of The Dungeons of Doom. On T:11554 you reached level 14 of The Dungeons of Doom. On T:11780 you wished for "blessed fixed +3 orange dragonscale mail". On T:11938 you reached level 15 of The Dungeons of Doom. On T:12016 you reached level 16 of The Dungeons of Doom. On T:12330 you advanced to experience level 11. On T:15758 you advanced to experience level 12. On T:17203 you received Snickersnee from Amaterasu Omikami. On T:17211 you reached level 17 of The Dungeons of Doom. On T:17230 you let a Mordor orc genocide elf mummies. On T:23067 you advanced to experience level 13. On T:25316 you became the Hand of Elbereth On T:25689 you reached level 18 of The Dungeons of Doom. On T:26139 you reached level 19 of The Dungeons of Doom. On T:26343 you reached level 20 of The Dungeons of Doom. On T:26628 you reached level 21 of The Dungeons of Doom. On T:26815 you reached level 22 of The Dungeons of Doom. On T:26852 you reached level 23 of The Dungeons of Doom. On T:27124 you reached level 24 of The Dungeons of Doom. On T:27138 you advanced to experience level 14. On T:27259 you reached level 25 of The Dungeons of Doom. On T:27391 you reached level 26 of The Dungeons of Doom. On T:27411 you reached level 27 of The Dungeons of Doom. On T:27752 you reached The Castle. On T:27754 you genocided class 'L'. On T:27859 you advanced to experience level 15. On T:28341 you wished for "3 blessed scrolls of charging". On T:28349 you wished for "blessed fixed wand of polymorph". On T:28575 you advanced to experience level 16. On T:29619 you killed Medusa on level 26 of The Dungeons of Doom. On T:30285 you reached level 1 of The Quest. On T:30420 you embarked upon an epic quest. On T:30440 you reached level 2 of The Quest. On T:30545 you reached level 3 of The Quest. On T:30924 you reached level 4 of The Quest. On T:30964 you reached level 5 of The Quest. On T:31083 you advanced to experience level 17. On T:31216 you killed Ashikaga Takauji on level 5 of The Quest. On T:31450 you completed the quest! On T:32460 you advanced to experience level 18. On T:32860 you advanced to experience level 19. On T:32872 you advanced to experience level 20. On T:33073 you reached level 2 of Gehennom. On T:33303 you reached level 9 of Gehennom. On T:33308 you reached level 8 of Gehennom. On T:33380 you killed Baalzebub on level 9 of Gehennom. On T:33525 you reached level 3 of Vlad's Tower. On T:33564 you reached level 2 of Vlad's Tower. On T:33663 you reached level 1 of Vlad's Tower. On T:33914 you killed Vlad the Impaler on level 1 of Vlad's Tower. On T:33936 you wished for "blessed fixed +3 T-shirt". On T:34052 you reached level 10 of Gehennom. On T:34074 you reached level 11 of Gehennom. On T:34139 you advanced to experience level 21. On T:34231 you reached level 12 of Gehennom. On T:34252 you reached level 13 of Gehennom. On T:34278 you killed Orcus on level 13 of Gehennom. On T:34344 you reached level 14 of Gehennom. On T:34366 you reached level 15 of Gehennom. On T:34605 you killed Yeenoghu on level 12 of Gehennom. On T:34789 you reached level 23 of Gehennom. On T:35096 you genocided class 'h'. On T:35286 you killed Wizard of Yendor on level 13 of Gehennom. On T:35317 you performed the invocation. On T:35318 you reached level 24 of Gehennom. On T:35478 you killed high priest of Moloch on level 24 of Gehennom. On T:35482 you killed Wizard of Yendor on level 24 of Gehennom. On T:35482 you advanced to experience level 22. On T:35486 you killed Wizard of Yendor on level 24 of Gehennom. On T:35492 you gained the Amulet of Yendor! On T:35521 you lost the Amulet of Yendor. On T:35521 you gained the Amulet of Yendor! On T:35537 you reached level 22 of Gehennom. On T:35548 you reached level 21 of Gehennom. On T:35588 you reached level 20 of Gehennom. On T:35739 you reached level 19 of Gehennom. On T:35817 you reached level 18 of Gehennom. On T:35889 you reached level 17 of Gehennom. On T:35977 you reached level 16 of Gehennom. On T:36231 you killed Wizard of Yendor on level 8 of Gehennom. On T:36382 you reached level 7 of Gehennom. On T:36410 you advanced to experience level 23. On T:36577 you reached level 6 of Gehennom. On T:36623 you reached level 5 of Gehennom. On T:36674 you reached level 4 of Gehennom. On T:36724 you killed Asmodeus on level 4 of Gehennom. On T:36765 you killed Wizard of Yendor on level 4 of Gehennom. On T:36891 you reached level 3 of Gehennom. On T:36957 you killed Wizard of Yendor in The Castle. On T:37201 you killed Wizard of Yendor on level 25 of The Dungeons of Doom. On T:37329 you killed Wizard of Yendor on level 23 of The Dungeons of Doom. On T:37343 you wished for "blessed fixed wand of death". On T:37758 you killed Wizard of Yendor on level 14 of The Dungeons of Doom. On T:38247 you reached the Plane of Earth. On T:38248 you killed Wizard of Yendor on the Plane of Earth. On T:38251 you killed Wizard of Yendor on the Plane of Earth. On T:38305 you killed Wizard of Yendor on the Plane of Earth. On T:38314 you reached the Plane of Air. On T:38382 you killed Wizard of Yendor on the Plane of Air. On T:38414 you reached the Plane of Fire. On T:38463 you reached the Plane of Water. On T:38466 you genocided class ';'. On T:38502 you reached the Astral Plane. On T:38511 you killed Famine on the Astral Plane. On T:38528 you killed Pestilence on the Astral Plane. On T:38541 you lost the Amulet of Yendor. On T:38541 you offered the Amulet of Yendor to Amaterasu Omikami and ascended to the status of Demigoddess! Score breakdown: Gold: 1407 (10710 points) Experience: 23 levels (26129 points) Exploration: 52 levels (100.00%) (30000 points) Discoveries: 121 items ( 48.40%) (20871 points) Valuables value: 600 ( 9452 points) Artifact value: 15500 (14254 points) Variety of kills: 266 monsters ( 70.00%) (25099 points) Turncount: 38541 turns (-4371 points) Survival: ascended (score multiplied by 200%) Total score: 264288 Latest messages: The Angel doesn't feel cold. The Angel of Raijin swings his long sword at Eric the invisible Kokushu. The Angel of Raijin misses Eric the invisible Kokushu. The Angel of Raijin swings his long sword at Eric the invisible Kokushu. The Angel of Raijin misses Eric the invisible Kokushu. (3x) The renegade priestess of Amaterasu Omikami turns to flee! The renegade priestess of Susanowo wields a mace! You're hit by a shower of missiles! Eric the invisible Kokushu swings his magical long sword at the white dragon. Eric the invisible Kokushu hits the white dragon. Eric the invisible Kokushu swings his magical long sword at the white dragon. Eric the invisible Kokushu hits the white dragon. The white dragon misses Eric the invisible Kokushu. (3x) There is an altar to Amaterasu Omikami (lawful) here. You offer the Amulet of Yendor to Amaterasu Omikami... An invisible choir sings, and you are bathed in radiance... The voice of Amaterasu Omikami thunders: "Congratulations, mortal!" "In return for thy service, I grant thee the gift of Immortality!" You ascend to the status of Demigoddess... Final status: Sayonara Tomo Gozen the Demigoddess, ascended... You went to your reward with 264288 points, Excalibur (worth 4000 zorkmids) The Bell of Opening (worth 5000 zorkmids) The Magic Mirror of Merlin (worth 1500 zorkmids) The Candelabrum of Invocation (worth 5000 zorkmids) 2 amulets of life saving (worth 300 zorkmids), 1 amulet versus poison (worth 150 zorkmids), 1 amulet of reflection (worth 150 zorkmids), and 1407 pieces of gold, after 38541 moves. You were level 23 with a maximum of 276 hit points when you ascended.